 Dungeon Sprint DCSS version bcrawl-1.21.3-2-g9d8a61a446 (webtiles) character file.

Game seed: 8078677194703627691

12072 Dyss the Devastator (level 11, 0/82 HPs)
             Began as a Fairy Conjurer on Apr 26, 2020.
             Was the Champion of Vehumet.
             Engulfed by a cloud of freezing vapour (21 damage)
             ... in the Dungeon (Sprint I: "Red Sonja").
             The game lasted 00:10:27 (2791 turns).

Dyss the Devastator (Fairy Conjurer)                Turns: 2791, Time: 00:10:28

Health: 0/82       AC:  6    Str: 12    XL:     11   Next: 87%
Magic:  30/30      EV: 25    Int: 22    God:    Vehumet [******]
Gold:   1177       SH:  6    Dex: 11    Spells: 28/37 levels left

rFire    . . .     SeeInvis .   (weapon restricted)
rCold    . . .     Gourm    .   (shield restricted)
rNeg     . . .     Faith    .   (armour unavailable)
rPois    +         Spirit   .   (no helmet)
rElec    .         Reflect  .   (no cloak)
rCorr    .         Harm     .   (no gloves)
MR       +....     NoTele   +   (no boots)
Stlth    ++........             q - amulet of magic regeneration
HPRegen  0.23/turn              j - ring of wizardry
MPRegen  0.47/turn              r - ring of Rucuw {+Fly rPois Str+6 Dex-2 Stlth+}

@: flying evasively
A: small, magic attunement, unstealthy, unfitting armour, able to fly, AC/SH +6
a: Stop Flying, Renounce Religion


You were in the Dungeon.
You worshipped Vehumet.
Vehumet was exalted by your worship.
You were not hungry.

You visited 1 branch You collected 2293 gold pieces.
You spent 1116 gold pieces at shops.

Inventory:

Armour
 n - a +0 buckler
Jewellery
 j - a ring of wizardry (left hand)
 q - an amulet of magic regeneration (around neck)
 r - the ring of Rucuw (right hand) {+Fly rPois Str+6 Dex-2 Stlth+}
   (You bought it in a shop in the Dungeon)

   [ring of flight]

   It affects your strength (+6).
   It affects your dexterity (-2).
   It protects you from poison.
   It lets you fly.
   It makes you more stealthy.
Wands
 a - a wand of polymorph (8)
 o - a wand of iceblast (7)
Scrolls
 h - a scroll of blinking
 k - a scroll of identify {unknown}
 p - a scroll of remove curse {unknown}
Potions
 b - 3 potions of magic
 c - a potion of heal wounds
 d - 4 potions of curing
 f - a potion of haste
 g - a potion of brilliance {unknown}
 i - a potion of lignification {unknown}
 l - a potion of flight {unknown}
 m - a potion of mutation {unknown}
 s - a potion of cancellation {unknown}
 t - a potion of berserk rage
Comestibles
 e - 3 rations {!d}


   Skills:
 + Level 10.6 Fighting
 + Level 14.6 Dodging
 - Level 1.5 Stealth
 + Level 12.4 Shields
 + Level 13.6 Spellcasting
 * Level 19.4 Conjurations
 + Level 8.0 Transmutations


You had 28 spell levels left.
You knew the following spells:

 Your Spells              Type           Power        Failure   Level  Hunger
a - Magic Dart            Conj           ####         0%          1    None
b - Iskenderun's Mystic   Conj           #######.     0%          3    None
c - Irradiate             Conj/Tmut      ######....   1%          5    None

Your spell library contained the following spells:

 Spells                   Type           Power        Failure   Level  Hunger
 Throw Icicle             Conj/Ice       ######..     1%          4    None
 Searing Ray              Conj           #######.     0%          2    None
 Fulminant Prism          Conj/Hex       ######....   1%          4    None


Dungeon Overview and Level Annotations

Branches:
Dungeon (1/1)

Altars:
Cheibriados
Dithmenos
Elyvilon
Fedhas
Gozag
Hepliaklqana
Kikubaaqudgha
Lugonu
Makhleb
Nemelex Xobeh
Okawaru
Qazlal
Ru
Sif Muna
Trog
Uskayaw
Vehumet
Wu Jian
Xom
Yredelemnul
Zin
The Shining One
Jiyva

Shops:
D =[:((=((}=:?!*(*=[([:


Innate Abilities, Weirdness & Mutations

Your spells do not cause hunger and MP costs are reduced by 1.
Your bright wings attract enemies. (Stealth-)
You cannot fit into any form of body armour.
Your shimmering scales are hard and can block incoming attacks. (AC +6, SH +6)
You are small and have problems with some larger weapons.
You can fly continuously.


Message History

You are engulfed in freezing vapours.
You see here 27 gold pieces.
You now have 1123 gold pieces (gained 27).
You are engulfed in freezing vapours.
Really fly into that cloud of freezing vapour? [Y]es or [N]o only, please.
Really fly into that cloud of freezing vapour?
You are engulfed in freezing vapours.
* * * LOW HITPOINT WARNING * * *
You now have 1150 gold pieces (gained 27).
Really fly into that cloud of freezing vapour?
Okay, then.
Really fly into that cloud of freezing vapour?
Okay, then.
You now have 1177 gold pieces (gained 27).
There are no items here.
There is an open door here.
You start resting.
You are engulfed in freezing vapours.
You die...

._#§§§.§#..#.^^)^'.°...#
#'##+#####'###...#°.○..#
#[#....###.'.#°.○###++##
####'###.###.#○^###..##
.[.....')∩##.#..####°.# #
.###########§##'#..#.$#$###
###.....§§##.##.#...$$$$$$#
#.#.....§§§§.####○.$$$$$$$#
..#''.######§#..@☼..$$$####
..#....§.§§#§#####$$$###
###...§§.§#'.# #####
......§§.≈#### ......†§≈§#
......≈≈≈## #..≈≈≈≈###
'######+### ########∩∩#


There were no monsters in sight!

Vanquished Creatures
  A lorocyproca (D)
  2 centaur warriors (D)
  Sonja (D)
  A deep troll (D)
  2 unseen horrors (D)
  8 shining eyes (D)
  An oklob plant (D)
  A gargoyle (D)
  2 kobold demonologists (D)
  4 demonic crawlers (D)
  A hornet (D)
  A slime creature (D)
  Sigmund (D)
  2 redbacks (D)
  A yak (D)
  6 floating eyes (D)
  An ogre (D)
  7 necrophages (D)
  8 jellies (D)
  Ijyb (D)
  3 ballistomycetes (D)
55 creatures vanquished.

Vanquished Creatures (others)
  A gargoyle (D)
  2 ballistomycete spores (D)
3 creatures vanquished.

Grand Total: 58 creatures vanquished

Notes
Turn   | Place    | Note
-------+----------+-------------------------------------------
     0 | D        | Dyss the Fairy Conjurer began the quest for the Orb.
     0 | D        | Reached XP level 1. HP: 11/11 MP: 6/6
     1 | D        | Noticed Ijyb
    16 | D        | Killed Ijyb
    16 | D        | Reached skill level 8 in Conjurations
    16 | D        | Reached XP level 2. HP: 16/17 MP: 7/7
    16 | D        | Reached XP level 3. HP: 20/21 MP: 9/9
    93 | D        | Noticed an ogre
   102 | D        | Killed an ogre
   102 | D        | Reached skill level 5 in Dodging
   102 | D        | Reached skill level 10 in Conjurations
   102 | D        | Reached XP level 4. HP: 4/30 MP: 9/12
   355 | D        | Learned a level 3 spell: Iskenderun's Mystic Blast
   363 | D        | Noticed Sigmund
   365 | D        | Killed Sigmund
   365 | D        | Reached skill level 11 in Conjurations
   365 | D        | Reached XP level 5. HP: 29/38 MP: 9/16
   365 | D        | Reached XP level 6. HP: 34/44 MP: 9/17
   434 | D        | Found a shimmering blue altar of Sif Muna.
   435 | D        | Found an ornate altar of the Wu Jian Council.
   438 | D        | Found a viscous altar of Jiyva.
   438 | D        | Found a corrupted altar of Lugonu.
   438 | D        | Noticed a slime creature
   439 | D        | Found a burning altar of Makhleb.
   439 | D        | Found a shimmering altar of Xom.
   444 | D        | Killed a slime creature
   444 | D        | Reached skill level 5 in Fighting
   444 | D        | Reached skill level 12 in Conjurations
   444 | D        | Reached XP level 7. HP: 40/50 MP: 4/20
   532 | D        | Found a radiant altar of Vehumet.
   538 | D        | Became a worshipper of Vehumet
   545 | D        | Learned a level 5 spell: Irradiate
   561 | D        | Found Ynaoh's Antique Weapon Emporium.
   561 | D        | Found an ancient bone altar of Kikubaaqudgha.
   561 | D        | Found a hazy altar of Hepliaklqana.
   561 | D        | Found a hide-covered altar of Uskayaw.
   561 | D        | Found a basalt altar of Yredelemnul.
   561 | D        | Found an opulent altar of Gozag.
   561 | D        | Found a snail-covered altar of Cheibriados.
   561 | D        | Found a sacrificial altar of Ru.
   561 | D        | Found a shadowy altar of Dithmenos.
   561 | D        | Noticed a yak
   565 | D        | Killed a yak
   565 | D        | Reached skill level 13 in Conjurations
   603 | D        | Found a stormy altar of Qazlal.
   603 | D        | Found a blossoming altar of Fedhas.
   603 | D        | Found a bloodstained altar of Trog.
   603 | D        | Found an iron altar of Okawaru.
   603 | D        | Found a glowing golden altar of the Shining One.
   603 | D        | Found a glowing silver altar of Zin.
   603 | D        | Found a white marble altar of Elyvilon.
   608 | D        | Noticed Sonja
   613 | D        | Killed Sonja
   613 | D        | Reached skill level 10 in Dodging
   613 | D        | Reached skill level 14 in Conjurations
   613 | D        | Reached XP level 8. HP: 40/60 MP: 11/23
   787 | D        | Found Noxi's Jewellery Boutique.
   795 | D        | Bought an uncursed ring of wizardry for 300 gold pieces
   808 | D        | Noticed a deep troll
   814 | D        | Killed a deep troll
   814 | D        | Reached * piety under Vehumet
   814 | D        | Offered knowledge of Flame Tongue by Vehumet.
   814 | D        | Reached skill level 10 in Spellcasting
   814 | D        | Reached skill level 15 in Conjurations
   814 | D        | Reached XP level 9. HP: 48/65 MP: 11/25
   911 | D        | Found Okin's Armour Emporium.
   923 | D        | Bought a +0 buckler for 63 gold pieces
   943 | D        | Killed a gargoyle
  1237 | D        | Found a sparkling altar of Nemelex Xobeh.
  1244 | D        | Noticed a centaur warrior
  1246 | D        | Noticed a centaur warrior
  1247 | D        | Killed a centaur warrior
  1247 | D        | Reached skill level 16 in Conjurations
  1250 | D        | Killed a centaur warrior
  1407 | D        | Noticed a hornet
  1413 | D        | Killed a hornet
  1413 | D        | Reached ** piety under Vehumet
  1413 | D        | Offered knowledge of Freeze by Vehumet.
  1413 | D        | Reached XP level 10. HP: 67/73 MP: 16/27
  1468 | D        | Noticed an oklob plant
  1470 | D        | Killed an oklob plant
  1561 | D        | Reached skill level 17 in Conjurations
  1600 | D        | Offered knowledge of Throw Frost by Vehumet.
  1600 | D        | Reached *** piety under Vehumet
  1603 | D        | Reached **** piety under Vehumet
  1608 | D        | Killed an unseen horror
  1608 | D        | Reached skill level 5 in Transmutations
  1611 | D        | Reached ***** piety under Vehumet
  1617 | D        | Killed an unseen horror
  1747 | D        | Found Ceides's Weapon Shoppe.
  1747 | D        | Found Sool's Weapon Shop.
  1747 | D        | Found Nippos's Gadget Boutique.
  1749 | D        | Found Uhumnoegg's Jewellery Emporium.
  1749 | D        | Found Hustrodu's Book Shop.
  1749 | D        | Found Dotragut's Magic Scroll Shoppe.
  1749 | D        | Found Epnorynk's Distillery.
  1749 | D        | Found Doosm's Assorted Antiques.
  1749 | D        | Found Beisemat's Antique Weapon Shop.
  1749 | D        | Found Niosm's Assorted Antiques.
  1752 | D        | Found Inecwae's Jewellery Boutique.
  1753 | D        | Found Bodup's Antique Weapon Emporium.
  1753 | D        | Found Nenoduiwk's Armour Boutique.
  1754 | D        | Found Supheheo's Book Emporium.
  1831 | D        | Noticed a shining eye
  1831 | D        | Noticed a shining eye
  1831 | D        | Noticed a shining eye
  1834 | D        | Offered knowledge of Inner Flame by Vehumet.
  1836 | D        | Noticed a shining eye
  1837 | D        | Reached skill level 10 in Shields
  1838 | D        | Noticed a shining eye
  1839 | D        | Killed a shining eye
  1839 | D        | Reached ****** piety under Vehumet
  1839 | D        | Reached skill level 18 in Conjurations
  1839 | D        | Reached XP level 11. HP: 80/80 MP: 21/26
  1842 | D        | Killed a shining eye
  1843 | D        | Killed a shining eye
  1847 | D        | Killed a shining eye
  1848 | D        | Killed a shining eye
  1908 | D        | Noticed a shining eye
  1912 | D        | Noticed a shining eye
  1913 | D        | Killed a shining eye
  1913 | D        | Reached skill level 10 in Fighting
  1915 | D        | Noticed a shining eye
  1916 | D        | Killed a shining eye
  1920 | D        | Killed a shining eye
  1951 | D        | Found Kenloir's Antique Armour Shoppe.
  1951 | D        | Found Esaengy's Antique Weapon Shop.
  1951 | D        | Found Woguulao's Book Emporium.
  1951 | D        | Found Ylannanaog's Jewellery Boutique.
  1964 | D        | Bought an uncursed amulet of magic regeneration for 330
                  | gold pieces
  1964 | D        | Bought the ring of Rucuw {+Fly rPois Str+6 Dex-2 Stlth+}
                  | for 423 gold pieces
  2008 | D        | Offered knowledge of Throw Icicle by Vehumet.
  2041 | D        | Reached skill level 19 in Conjurations
  2086 | D        | Killed a lorocyproca
  2791 | D        | Engulfed by a cloud of freezing vapour

Skill      XL: |  1  2  3  4  5  6  7  8  9 10 11 |
---------------+----------------------------------+-----
Conjurations   | 8 10 11 12 14 15 16 18 19 | 19.4
Fighting       | 2 4 5 7 8 9 10 | 10.6
Dodging        | 5 7 8 10 11 12 13 14 | 14.6
Spellcasting   | 4 6 7 9 10 11 12 13 | 13.6
Shields        | 6 10 12 | 12.4
Transmutations | 3 5 8 |  8.0
Stealth        | |  1.5

Action                   |  1- 3 |  4- 6 |  7- 9 | 10-12 || total
-------------------------+-------+-------+-------+-------++-------
Melee: Unarmed           |     4 |       |       |       ||     4
 Cast: Magic Dart        |    14 |     1 |       |       ||    15
       Iskenderun's Myst |       |     8 |    29 |    65 ||   102
       Irradiate         |       |       |       |     6 ||     6
  Use: Potion            |     1 |       |       |     1 ||     2
  Eat: Chunk             |       |       |     1 |     1 ||     2
       Ration            |       |       |       |     1 ||     1
Armor: Skin              |     1 |       |       |     4 ||     5
Dodge: Dodged            |     8 |     1 |    21 |    26 ||    56
Block: Other             |     3 |     1 |     4 |     4 ||    12
